woodfighter, chaotic female sylph Ranger ---------- |........| --------- |........| ------- |.......| |...>....| #-.((((| |........# #.........| #|(((((| |.......|# ###|........| #|.=(((| ---------% # -.-------- #|.(!((| % ### ###### #------- # # # ## # ### ### # D # # # ###@`-------# ## # # g|.....|# ---------|--|--# #|.....|# |...)<.....(..|# #.......# |.............|# |.....| |..............# ------- ------------|-- # woodfighter the Reconnoiteress Experience level: 10 Strength: 16 Dexterity: 13 Constitution: 16 Intelligence: 13 Wisdom: 15 Charisma: 7 Health: 0(75) Energy: 75(75) Def: 6 Gold: 146 Moves: 18618 Dungeon seed: GQ82k0rYF5Pz_mM4 Game ID: woodfighter_1456010450 Your Inventory: Coins $ - 146 gold pieces Amulets J - an uncursed amulet of flying (being worn) Weapons a - a blessed +2 bow (weapon in hand) d - 33 +0 arrows l - 41 +2 arrows (in quiver) Armor e - an uncursed +2 cloak of displacement (being worn) Comestibles o - 6 uncursed tripe rations p - 5 uncursed food rations B - an uncursed clove of garlic G - an uncursed lizard corpse O - 4 uncursed sprigs of wolfsbane Rings y - an uncursed ring of polymorph control (on left hand) Tools c - an uncursed skeleton key q - a can of grease (0:0) s - an uncursed sack t - an uncursed towel w - an uncursed magic whistle C - an uncursed magic lamp (lit) P - a +0 unicorn horn Gems n - an uncursed luckstone Contents of the sack: an uncursed +0 mummy wrapping a wand of digging (0:3) a wand of undead turning (0:4) a +0 pick-axe Spells and supernatural/magical abilities: Name Level Category Fail Memory W - pray for help -- divine ? -- Your skills at the end: Miscellaneous Skills wands [Basic] Weapon Skills dagger [Basic] bow [Expert] Spellcasting Skills Final Attributes: You were piously aligned. You were cold resistant. You were shock resistant. You saw invisible. You had automatic searching. You had infravision. You were displaced. You were stealthy. You could fly. You were protected. You were protected from shape changers. You had polymorph control. You were lucky. You had extra luck. Bad luck did not time out for you. Good luck did not time out for you. You are dead. Vanquished creatures: a ghost 3 giant mimics 3 fire giants a baby long worm a baby purple worm a stalker an elf-lord an ettin mummy a sasquatch a freezing sphere a dwarf king 2 tengu an ochre jelly a crocodile 3 elf mummies a human mummy a succubus an incubus a cockatrice 2 wolves 3 winter wolf cubs a lynx 2 leprechauns a quivering blob a lizard a mountain nymph an orc-captain 3 mumakil 4 giant spiders 2 iron piercers a horse 2 ice vortices a black light a vampire bat a gnome king an orc mummy 3 brown puddings a rust monster 2 owlbears 3 gold golems 2 dogs a housecat a jaguar a dwarf lord a blue jelly 2 white unicorns 3 ravens a gnome mummy 2 human zombies a soldier ant 2 wood nymphs 2 Mordor orcs an Uruk-hai an orc shaman a rock mole 4 ponies 2 fog clouds a yellow light 3 shriekers 2 violet fungi 15 gnome lords 6 gnomish wizards a red naga hatchling 2 black naga hatchlings a golden naga hatchling 4 gray oozes a ghoul 2 straw golems 2 paper golems 4 giant ants a little dog 8 floating eyes 2 kittens 19 dwarves a homunculus 3 kobold lords 3 kobold shamans 15 iguanas 2 hill orcs 9 rothes 3 rabid rats 6 giant bats 3 dwarf zombies a wererat 5 werejackals 5 killer bees 4 coyotes 2 gas spores 5 hobbits 5 acid blobs 3 large kobolds 6 geckos a hobgoblin 10 giant rats 13 cave spiders a brown mold 2 yellow molds 4 green molds 6 red molds 53 gnomes 9 garter snakes a gnome zombie 8 jackals 8 foxes 6 kobolds 9 newts 3 goblins a sewer rat 2 grid bugs 5 bats 6 lichens 3 kobold zombies 397 creatures vanquished. Voluntary challenges: You were vegetarian. You had followed a strict vegan diet until turn 2538. You had been an atheist until turn 4250. You used a wielded weapon 30 times, starting on turn 43. You did not apply a unicorn horn. You read items or engraved 8 times, starting on turn 5885. You never genocided any monsters. You never polymorphed an object. You never changed form. You completed Sokoban on turn 8588, according to the rules. You used no wishes. You never split a pudding. You never wrote Elbereth's name. You violated your moral code, losing 1 point of alignment, starting on turn 13775. Dungeon overview: The Dungeons of Doom: levels 1 to 15 Level 1 a long staircase Level 2 stairs to The Gnomish Mines Level 3 a fountain, a sink Level 4 a fountain Level 5 (shop) a jewelry store, some fountains Level 6 some fountains Level 7 a fountain Level 8 (vault) a fountain Level 9 many fountains Level 10 a fountain stairs to Sokoban Level 11 a hardware shop Level 12 a fountain Level 13 a fountain, some sinks Level 14 <- You were here a hardware shop Level 15 The Gnomish Mines: levels 3 to 10 Level 3 stairs to The Dungeons of Doom Level 4 Level 5 many shops, a temple to Mars, a magic chest, some fountains Level 6 Level 7 Level 8 Level 9 Level 10 many altars to Moloch, some fountains Sokoban: levels 6 to 9 Level 6 a magic chest Level 7 Level 8 Level 9 a magic chest stairs to The Dungeons of Doom History has recorded: On T:1 you entered the Dungeons of Doom to retrieve the Amulet of Yendor! On T:127 you reached level 2 of The Dungeons of Doom. On T:682 you advanced to experience level 2. On T:928 you reached level 1 of The Gnomish Mines. On T:956 you reached level 3 of The Dungeons of Doom. On T:1110 you advanced to experience level 3. On T:1195 you reached level 4 of The Dungeons of Doom. On T:1864 you advanced to experience level 4. On T:2087 you reached level 5 of The Dungeons of Doom. On T:2320 you reached level 6 of The Dungeons of Doom. On T:2535 you advanced to experience level 5. On T:2715 you reached level 7 of The Dungeons of Doom. On T:3115 you reached level 8 of The Dungeons of Doom. On T:3433 you reached level 9 of The Dungeons of Doom. On T:3687 you advanced to experience level 6. On T:4189 you reached level 10 of The Dungeons of Doom. On T:4264 you advanced to experience level 7. On T:4853 you reached level 4 of Sokoban. On T:4917 you opened a magic chest. On T:4918 you opened a magic chest. On T:4918 you opened a magic chest. On T:5116 you opened a magic chest. On T:5129 you reached level 3 of Sokoban. On T:5429 you opened a magic chest. On T:6111 you reached level 2 of Sokoban. On T:7199 you reached level 1 of Sokoban. On T:7263 you advanced to experience level 8. On T:7656 you opened a magic chest. On T:7657 you opened a magic chest. On T:8588 you advanced to experience level 9. On T:8588 you entered the Sokoban zoo. On T:8731 you opened a magic chest. On T:8848 you opened a magic chest. On T:9344 you reached level 2 of The Gnomish Mines. On T:10061 you reached level 3 of The Gnomish Mines. On T:10361 you entered the Minetown temple On T:10371 you opened a magic chest. On T:10372 you opened a magic chest. On T:10374 you opened a magic chest. On T:10375 you opened a magic chest. On T:10375 you opened a magic chest. On T:10383 you opened a magic chest. On T:10384 you opened a magic chest. On T:10391 you opened a magic chest. On T:10392 you opened a magic chest. On T:10399 you opened a magic chest. On T:10415 you opened a magic chest. On T:10462 you reached level 4 of The Gnomish Mines. On T:11063 you opened a magic chest. On T:11064 you opened a magic chest. On T:11065 you opened a magic chest. On T:11170 you opened a magic chest. On T:11170 you opened a magic chest. On T:11174 you opened a magic chest. On T:11350 you reached level 5 of The Gnomish Mines. On T:11777 you reached level 6 of The Gnomish Mines. On T:12547 you reached level 7 of The Gnomish Mines. On T:12758 you reached level 8 of The Gnomish Mines. On T:12758 you reached the bottom of the Mines. On T:13540 you opened a magic chest. On T:15218 you opened a magic chest. On T:15227 you opened a magic chest. On T:15335 you opened a magic chest. On T:15336 you opened a magic chest. On T:15876 you advanced to experience level 10. On T:15998 you opened a magic chest. On T:16885 you reached level 11 of The Dungeons of Doom. On T:16991 you reached level 12 of The Dungeons of Doom. On T:17607 you reached level 13 of The Dungeons of Doom. On T:17850 you reached level 14 of The Dungeons of Doom. On T:18268 you opened a magic chest. On T:18513 you reached level 15 of The Dungeons of Doom. Score breakdown: Gold: 146 ( 14 points) Experience: 10 levels ( 900 points) Exploration: 15 levels ( 420 points) Discoveries: 22 items ( 1100 points) Variety of kills: 112 monsters ( 2000 points) Major goal: Sokoban/Mines ( 1500 points) Survival: died (score multiplied by 3) Total score: 17802 Latest messages: You kill it! You put a scroll of create monster into the magic chest. You put an orange spellbook into the magic chest. You put a cyan spellbook into the magic chest. You put a dark brown spellbook into the magic chest. You put a swirly potion into the magic chest. You put a potion called object detection? into the magic chest. You put a murky potion into the magic chest. You put a potion of speed into the magic chest. You put a potion of gain energy into the magic chest. You put a pine wand into the magic chest. You put an iron wand into the magic chest. You put a long wand into the magic chest. You put a unicorn horn into the magic chest. You put a magic lamp into the magic chest. You put an uncursed drum into the magic chest. Your movements are now unencumbered. The arrow hits the winged gargoyle! The winged gargoyle claws you! (2x) The winged gargoyle bites! The winged gargoyle claws you! (2x) You die... Final status: Goodbye woodfighter the Ranger, killed by a winged gargoyle... You died in The Dungeons of Doom on dungeon level 14 with 17802 points, and 146 pieces of gold, after 18618 moves. You were level 10 with a maximum of 75 hit points when you died.